 Dungeon Crawl Stone Soup version 0.22-a0-76-gd698a02 (webtiles) character file.

35754 KristoblXynda the Cleaver (level 13, 0/93 HPs)
             Began as a Demonspawn Gladiator on Jan 13, 2018.
             Was a Follower of Ashenzari.
             Slain by a centaur warrior (1 damage)
             ... on level 13 of the Dungeon.
             The game lasted 00:40:19 (19666 turns).

KristoblXynda the Cleaver (Demonspawn Gladiator)   Turns: 19666, Time: 00:40:20

Health: 0/93       AC: 17    Str: 16    XL:     13   Next: 49%
Magic:  0/32       EV: 19    Int: 18    God:    Ashenzari [*.....]
Gold:   924        SH:  0    Dex: 15    Spells: 18/24 levels left

rFire    + + .     SeeInvis +   g - +6 war axe (chop)
rCold    . . .     Gourm    .   (no shield)
rNeg     . . .     Faith    .   q - +1 ring mail "Doklese" {rF++} (curse)
rPois    +         Spirit   +   J - +3 hat of Pondering {ponderous, MR+ MP+10 Int+5} (curse)
rElec    .         Reflect  .   r - +2 cloak {rPois} (curse)
rCorr    .         Harm     .   x - +0 pair of gloves
MR       +....                  n - +1 pair of boots
Stlth    +++++.....             v - amulet of guardian spirit
HPRegen  0.25/turn              w - ring of poison resistance
MPRegen  0.23/turn              A - ring of see invisible

@: hasted, very quick
A: claws 2, repulsion field 1, nightstalker 3, rot immunity
a: Curse Item, Scrying, Renounce Religion


You were on level 13 of the Dungeon.
You worshipped Ashenzari.
Ashenzari was aware of your devotion.
You were not hungry.

You visited 4 branches of the dungeon, and saw 16 of its levels.
You also visited: Bailey.

You collected 973 gold pieces.
You spent 49 gold pieces at shops.

Inventory:

Hand Weapons
 g - a +6 war axe of chopping (weapon)
 s - a +2 hand axe of flaming
 t - a cursed +0 broad axe of freezing
Missiles
 d - 5 throwing nets (quivered)
Armour
 n - a +1 pair of boots (worn)
 q - the cursed +1 ring mail "Doklese" (worn) {rF++}
   (You found it on level 4 of the Dungeon)

   It greatly protects you from fire.
   It has a curse placed upon it.
 r - a cursed +2 cloak of poison resistance (worn)
 x - a +0 pair of gloves (worn)
 J - the cursed +3 hat of Pondering (worn) {ponderous, MR+ MP+10 Int+5}
   (You took it off Gastronok on level 12 of the Dungeon)

   It affects your intelligence (+5).
   It affects your resistance to hostile enchantments.
   It affects your magic capacity (+10).
   It has a curse placed upon it.
Jewellery
 v - an amulet of guardian spirit (around neck)
 w - a ring of poison resistance (left hand)
 A - a ring of see invisible (right hand)
 I - an uncursed ring of wizardry
Wands
 c - a wand of enslavement (9)
Scrolls
 e - a scroll of immolation
 h - a scroll of enchant armour
 i - a scroll of fog
 j - 2 scrolls of amnesia
 o - 3 scrolls of remove curse
 p - a scroll of magic mapping
 H - 5 scrolls of identify
 M - a scroll of fear
Potions
 a - a potion of invisibility
 b - a potion of might
 k - a potion of flight
 l - 4 potions of cancellation
 u - a potion of curing
 B - 2 potions of lignification
 D - 2 potions of magic {unknown}
 F - a potion of resistance
Books
 y - a book of Callings

   Spells                             Type                      Level
   a - Summon Small Mammal            Summoning                    1
   b - Call Imp                       Summoning                    2
   c - Call Canine Familiar           Summoning                    3
   d - Summon Guardian Golem          Hexes/Summoning              3
   e - Summon Lightning Spire         Summoning/Air                4
   f - Summon Ice Beast               Ice/Summoning                4
 z - a book of Changes

   Spells                             Type                      Level
   a - Beastly Appendage              Transmutation                1
   b - Sticks to Snakes               Transmutation                2
   c - Spider Form                    Transmutation/Poison         3
   d - Ice Form                       Ice/Transmutation            4
   e - Blade Hands                    Transmutation                5
 C - a book of Power

   Spells                             Type                      Level
   a - Iskenderun's Battlesphere      Conjuration/Charms           5
   b - Venom Bolt                     Conjuration/Poison           5
   c - Bolt of Magma                  Conjuration/Fire/Earth       5
   d - Iron Shot                      Conjuration/Earth            6
   e - Orb of Destruction             Conjuration                  7
   f - Spellforged Servitor           Conjuration/Summoning        7
 E - a book of Enchantments

   Spells                             Type                      Level
   a - Cause Fear                     Hexes                        4
   b - Yara's Violent Unravelling     Hexes/Transmutation          5
   c - Silence                        Hexes/Air                    5
   d - Deflect Missiles               Charms/Air                   6
   e - Discord                        Hexes                        8
 G - a book of Necromancy

   Spells                             Type                      Level
   a - Pain                           Necromancy                   1
   b - Animate Skeleton               Necromancy                   1
   c - Vampiric Draining              Necromancy                   3
   d - Regeneration                   Charms/Necromancy            3
   e - Animate Dead                   Necromancy                   4
   f - Borgnjor's Vile Clutch         Necromancy/Earth             5
 K - the Compendium of the Creative Snowflakes
   (You found it on level 13 of the Dungeon)

   Spells                             Type                      Level
   a - Throw Icicle                   Conjuration/Ice              4
   b - Summon Ice Beast               Ice/Summoning                4
   c - Summon Demon                   Summoning                    5
   d - Spellforged Servitor           Conjuration/Summoning        7
 N - a Necronomicon

   Spells                             Type                      Level
   a - Haunt                          Necromancy/Summoning         7
   b - Borgnjor's Revivification      Necromancy                   8
   c - Death's Door                   Charms/Necromancy            8
   d - Infestation                    Necromancy                   8
   e - Necromutation                  Transmutation/Necromancy     8
Miscellaneous
 L - a box of beasts
Comestibles
 f - 18 rations
 O - 3 chunks of flesh


   Skills:
 - Level 6.1 Fighting
 - Level 12.2 Axes
 - Level 2.1 Throwing
 + Level 6.7 Armour
 - Level 10.0 Dodging
 + Level 4.0 Stealth
 + Level 6.1 Spellcasting
 + Level 6.1 Charms
 - Level 9.0 Evocations


You had 18 spell levels left.
You knew the following spells:

 Your Spells              Type           Power        Failure   Level  Hunger
a - Regeneration          Chrm/Necr      ###.......   17%         3    ##.....
b - Vampiric Draining     Necr           #.........   52%         3    ##.....


Dungeon Overview and Level Annotations

Branches:
Dungeon (13/15)            Temple (1/1) D:7            Lair (1/6) D:9
    Orc (1/2) D:11         Vaults (0/5) D:13

Altars:
Ashenzari
Cheibriados
Dithmenos
Elyvilon
Fedhas
Gozag
Hepliaklqana
Kikubaaqudgha
Makhleb
Nemelex Xobeh
Okawaru
Qazlal
Ru
Sif Muna
Trog
Uskayaw
Vehumet
Wu Jian
Xom
Yredelemnul
Zin
The Shining One

Shops:
D:7 [?:   D:10 *   D:11 [(


Innate Abilities, Weirdness & Mutations

You have very sharp fingernails.
You are surrounded by a mild repulsion field. (EV +2)
You are completely attuned to the shadows.
You are immune to rotting.


Message History

You slash the very large slime creature!
You closely miss the crocodile.
The centaur warrior completely misses you.
The very large slime creature hits you!!
* * * LOW HITPOINT WARNING * * *
The crocodile misses you. The slime creature hits you!
* * * LOW HITPOINT WARNING * * *
You hit the slime creature.
The slime creature is severely wounded.
You slash the centaur warrior!
You slash the very large slime creature!
You hit the crocodile.
You kill the crocodile!
The centaur warrior hits you!
* * * LOW HITPOINT WARNING * * *
The very large slime creature misses you.
The slime creature hits you.
* * * LOW HITPOINT WARNING * * *
You feel yourself speed up. The centaur warrior hits you.
You die...

#.........##.##
###........#+#
..[)#.#......
....#.##.#......######
....#.##..............
....#.# ..........
....#.# ...>......
....#.# ....Jc....
....#.# ##.@J....
###.#.# #.###### .#.#
#.# #.# #.# #.# #.#
#.# #.# #.# #.# #.#
#.# #.# #.#


You could see a very large slime creature, a slime creature and a centaur
warrior.

Vanquished Creatures
  Gastronok (D:12)
  A very ugly thing (D:13)
  Josephine (D:10)
  Fannar (D:11)
  2 hydras
  A centaur warrior (D:13)
  4 two-headed ogres
  2 catoblepae (D:13)
  2 dancing weapons (D:13)
  The ghost of qwer the Cleaver, a novice NaWn of Okawaru (D:8)
  6 unseen horrors
  A wolf spider zombie (D:13)
  Pikel (D:8)
  3 ugly things
  3 cyclopes
  A manticore (D:11)
  Maurice (D:9)
  A centaur zombie (D:10)
  3 centaur skeletons (D:13)
  A komodo dragon (D:13)
  4 trolls
  A meliai (D:13)
  2 hornets
  5 slime creatures (D:13)
  4 hippogriffs
  2 dream sheep (D:10)
  A wyvern (D:9)
  6 wraiths
  15 yaks
  A tarantella (shapeshifter) (D:13)
  3 shadows
  A hungry ghost (D:11)
  7 vampire mosquitoes (D:13)
  2 soldier ants
  A water moccasin (D:10)
  A porcupine (shapeshifter) (D:13)
  8 orc warriors
  2 sky beasts
  2 necrophages
  A hornet zombie (D:8)
  2 black bears
  An eye of draining (D:10)
  3 ogres
  8 centaurs
  2 crocodiles
  4 big kobolds
  8 gnoll sergeants (Bailey)
  7 bullfrogs
  A water moccasin skeleton (D:6)
  5 scorpions
  6 killer bees (D:10)
  13 wights
  A troll zombie (D:8)
  4 crimson imps
  2 bullfrog zombies
  5 hounds
  A jelly (D:6)
  16 orc wizards
  6 gnoll shamans (Bailey)
  7 orc priests
  4 bullfrog skeletons
  5 human zombies (D:8)
  2 iguanas
  10 worker ants
  2 hound skeletons
  A mummy (D:8)
  2 worker ant zombies (D:6)
  5 adders
  22 gnolls
  4 shadow imps
  An ooze (D:7)
  An adder zombie (D:3)
  A worm (D:2)
  2 dart slugs (D:1)
  6 leopard geckos
  57 orcs
  5 giant cockroaches
  5 goblins
  6 hobgoblins
  16 jackals
  5 kobolds
  3 quokkas
  A ball python (D:2)
  9 bats
  3 frilled lizards
  A giant cockroach zombie (D:5)
  A jackal zombie (D:6)
  A leopard gecko skeleton (D:5)
  A quokka skeleton (D:7)
  6 rats
396 creatures vanquished.

Vanquished Creatures (others)
  4 slaves (D:8)
  2 killer bees (D:8)
6 creatures vanquished.

Grand Total: 402 creatures vanquished

Notes
Turn   | Place    | Note
-------+----------+-------------------------------------------
     0 | D:1      | KristoblXynda the Demonspawn Gladiator began the quest for the Orb.
     0 | D:1      | Reached XP level 1. HP: 16/16 MP: 1/1
   119 | D:1      | Gained mutation: You have sharp fingernails. [demonic ancestry]
   119 | D:1      | Reached XP level 2. HP: 14/22 MP: 2/2
   214 | D:1      | Reached skill level 3 in Axes
   399 | D:1      | Gained mutation: You are slightly more attuned to the shadows. [demonic ancestry]
   399 | D:1      | Reached XP level 3. HP: 22/27 MP: 3/3
   757 | D:2      | Found a glowing golden altar of the Shining One.
   783 | D:2      | Reached skill level 1 in Armour
   996 | D:2      | Reached XP level 4. HP: 28/33 MP: 4/4
  1398 | D:3      | Found a white marble altar of Elyvilon.
  1453 | D:3      | Found a basalt altar of Yredelemnul.
  1776 | D:3      | Found an iron altar of Okawaru.
  1834 | D:4      | Got a faintly humming ring mail
  1858 | D:4      | Identified the +1 ring mail "Doklese" {rF++} (You found it on level 4 of the Dungeon)
  1993 | D:4      | Found a shimmering altar of Xom.
  2061 | D:4      | Reached XP level 5. HP: 28/38 MP: 5/5
  2279 | D:4      | Reached skill level 4 in Axes
  2426 | D:5      | Entered Level 5 of the Dungeon
  2426 | D:5      | Noticed a centaur
  2438 | D:5      | HP: 1/38 [worker ant (1)]
  2442 | D:5      | Killed a centaur
  2442 | D:5      | Gained mutation: You are immune to rotting. [demonic ancestry]
  2442 | D:5      | Reached XP level 6. HP: 15/44 MP: 6/6
  2716 | D:5      | Found a radiant altar of Vehumet.
  2855 | D:5      | Found a sacrificial altar of Ru.
  2914 | D:5      | Found a blossoming altar of Fedhas.
  2932 | D:5      | Reached skill level 5 in Axes
  3344 | D:5      | Gained mutation: You are significantly more attuned to the shadows. [demonic ancestry]
  3344 | D:5      | Reached XP level 7. HP: 49/50 MP: 7/7
  3421 | D:5      | Found a hide-covered altar of Uskayaw.
  3608 | D:6      | Reached skill level 6 in Axes
  3614 | D:6      | Reached skill level 5 in Dodging
  3743 | D:6      | Reached XP level 8. HP: 53/56 MP: 6/8
  4207 | D:7      | Found Helexzur's Book Boutique.
  4265 | D:7      | Found Uterywn's Magic Scroll Emporium.
  4336 | D:7      | Bought a scroll of immolation for 49 gold pieces
  4342 | D:7      | Reached skill level 7 in Axes
  4409 | D:7      | Found a staircase to the Ecumenical Temple.
  4493 | Temple   | Entered the Ecumenical Temple
  4643 | Temple   | Became a worshipper of Ashenzari the Shackled
  4786 | D:7      | Found Taix's Armour Shop.
  4894 | D:8      | Noticed Pikel
  4898 | D:8      | Noticed qwer's ghost (novice NaWn)
  5152 | D:8      | Killed Pikel
  5152 | D:8      | Reached skill level 5 in Armour
  5152 | D:8      | Gained mutation: You are completely attuned to the shadows. [demonic ancestry]
  5152 | D:8      | Reached XP level 9. HP: 46/61 MP: 5/10
  5262 | D:8      | Killed qwer's ghost
  5262 | D:8      | Reached skill level 8 in Axes
  5421 | D:8      | Found a stormy altar of Qazlal.
  6334 | D:8      | Found an ancient bone altar of Kikubaaqudgha.
  6786 | D:9      | Noticed Maurice
  6798 | D:9      | Killed Maurice
  6798 | D:9      | Gained mutation: You have very sharp fingernails. [demonic ancestry]
  6798 | D:9      | Reached XP level 10. HP: 67/67 MP: 13/13
  6861 | D:9      | Found a hazy altar of Hepliaklqana.
  6908 | D:9      | Reached skill level 5 in Evocations
  7168 | D:9      | Reached skill level 9 in Axes
  7822 | D:9      | Reached * piety under Ashenzari
  7872 | D:9      | Found a staircase to the Lair.
  8252 | Lair:1   | Entered Level 1 of the Lair of Beasts
  8278 | D:10     | Entered Level 10 of the Dungeon
  8362 | D:10     | Noticed Josephine
  8401 | D:10     | Killed Josephine
  8490 | D:10     | HP: 3/67 [wraith[Josephine] (6)]
  9284 | D:10     | Reached XP level 11. HP: 70/72 MP: 16/16
  9478 | D:10     | Reached skill level 10 in Axes
  9508 | D:10     | Noticed a three-headed hydra
  9516 | D:10     | Killed a one-headed hydra
  9854 | D:10     | Learned a level 3 spell: Regeneration
  9858 | D:10     | Learned a level 3 spell: Vampiric Draining
 10239 | D:10     | Found Yzexupt's Assorted Antiques.
 11050 | D:11     | Noticed a two-headed ogre
 11058 | D:11     | Noticed a five-headed hydra
 11075 | D:10     | Killed a two-headed ogre
 11090 | D:11     | Killed a one-headed hydra
 11206 | D:11     | Found a flagged portal.
 11234 | D:11     | Paralysed by fainting for 7 turns
 11257 | Bailey   | Entered a bailey
 11441 | Bailey   | Reached skill level 10 in Dodging
 12663 | Bailey   | Reached skill level 1 in Charms
 12672 | Bailey   | Reached skill level 1 in Spellcasting
 12701 | Bailey   | Reached skill level 11 in Axes
 13398 | D:11     | Found Unoiqarph's Armour Shop.
 13399 | D:11     | Found a staircase to the Orcish Mines.
 13401 | D:11     | Found Erhop's Weapon Shop.
 13915 | D:11     | Noticed Fannar
 14020 | D:11     | Killed Fannar
 14020 | D:11     | Reached XP level 12. HP: 55/81 MP: 18/18
 14515 | Orc:1    | Entered Level 1 of the Orcish Mines
 14600 | D:12     | Noticed a two-headed ogre
 14618 | D:12     | Killed a two-headed ogre
 14873 | D:12     | Noticed Gastronok
 14909 | D:12     | Killed Gastronok
 15606 | D:12     | Reached skill level 5 in Fighting
 15834 | D:12     | Noticed a two-headed ogre
 15841 | D:12     | Killed a two-headed ogre
 16081 | D:12     | HP: 3/86 [slime creature (2)]
 16084 | D:12     | Identified a scroll of acquirement
 16760 | D:13     | Noticed a catoblepas
 16875 | D:13     | Noticed a two-headed ogre
 16894 | D:13     | Killed a two-headed ogre
 17290 | D:13     | Noticed a centaur warrior
 17301 | D:13     | Killed a centaur warrior
 17301 | D:13     | Reached skill level 1 in Stealth
 17709 | D:13     | Reached skill level 5 in Spellcasting
 17709 | D:13     | Reached skill level 5 in Charms
 17709 | D:13     | Gained mutation: You are surrounded by a mild repulsion field. (EV +2) [demonic ancestry]
 17709 | D:13     | Reached XP level 13. HP: 57/93 MP: 19/20
 18224 | D:13     | Found a gate to the Vaults.
 18278 | D:13     | Reached skill level 12 in Axes
 18502 | D:13     | Identified the Compendium of the Creative Snowflakes
 18511 | D:13     | Noticed a red very ugly thing
 19054 | D:13     | Killed a red very ugly thing
 19665 | D:13     | HP: 3/93 [centaur warrior (8)]
 19665 | D:13     | HP: 1/93 [slime creature (2)]
 19666 | D:13     | Slain by a centaur warrior

Vault maps used:
D:1:      saegor_arrival_simple_c
D:2:      tso_oasis_becter, first_ration
D:3:      kennysheep_ying_yang, overflow_temple_1_default
D:4:      kennysheep_little_box, patterned_corridor
D:5:      nicolae_ru_path_of_blood, lemuel_coloured_pillars_altar,
          fedhas_bush_and_centaur_altar, nicolae_overflow_hidden_temple
D:7:      temple_doors_e, serial_shops, shop, nicolae_shop_stone,
          nicolae_shop_behind_doors
D:8:      overflow_temple_1_default, lemuel_mausoleum_altar_kikubaaqudgha,
          uniq_pikel
D:9:      old_standard_altar, lair_entry_dummy, uniq_maurice
D:10:     serial_shops, shop, hangedman_ranch, kennysheep_generic_room_6,
          uniq_josephine
D:11:     orc_david_3, enter_bailey_7, uniq_fannar
D:12:     uniq_gastronok
D:13:     minmay_the_grid_octo_triangle, erik_vaults_1
Temple:   jpeg_temple_alley_garden
Orc:1:    kennysheep_orc_chapel, uniq_nergalle, uniq_erolcha
Bailey:   bailey_polearm_gnolls_kennysheep, bailey

Skill      XL: |  1  2  3  4  5  6  7  8  9 10 11 12 13 |
---------------+----------------------------------------+-----
Throwing       | 2 |  2.1
Dodging        | 3 4 5 6 7 8 10 | 10.0
Axes           | 3 4 5 6 7 8 9 11 12 | 12.2
Armour         | 1 2 3 4 5 6 |  6.7
Evocations     | 2 4 7 8 9 |  9.0
Charms         | 2 5 6 |  6.1
Spellcasting   | 2 5 6 |  6.1
Fighting       | 3 5 6 |  6.1
Stealth        | 1 4 |  4.0

Action                   |  1- 3 |  4- 6 |  7- 9 | 10-12 | 13-15 || total
-------------------------+-------+-------+-------+-------+-------++-------
Melee: War axe           |   102 |   130 |   442 |  1169 |   197 ||  2040
       Hand axe          |       |       |       |    64 |       ||    64
Throw: Throwing net      |       |       |       |     7 |       ||     7
Invok: Curse Item        |       |       |     2 |     1 |       ||     3
Evoke: Wand              |       |     1 |     7 |    11 |       ||    19
  Use: Potion            |       |     5 |     2 |    11 |     1 ||    19
       Scroll            |       |     4 |     5 |    19 |       ||    28
 Stab: Sleeping          |     7 |     5 |    13 |    28 |     6 ||    59
       Distracted        |       |       |     1 |     5 |       ||     6
       Held in net/web   |       |       |       |     8 |       ||     8
  Eat: Chunk             |       |     8 |     5 |     7 |     1 ||    21
       Ration            |       |       |     2 |    10 |     2 ||    14
Armor: Leather armour    |     5 |       |       |       |       ||     5
       Ring mail         |    39 |    65 |   156 |   443 |    75 ||   778
       Skin              |       |       |       |    37 |       ||    37
Dodge: Dodged            |    96 |   113 |   293 |  1158 |   163 ||  1823

Table legend:
 A = Spawn XP
 B = Non-spawn XP
 C = Spawn XP percentage of total XP
 D = Spawn monster count
 E = Non-spawn monster count
 F = Spawn count percentage of total count
 G = Total turns spent on level
                    A         B        C        D         E        F      G
               +---------+---------+-------+---------+---------+-------+---------
         Total |       0 |   51078 |   0.0 |       0 |     396 |   0.0 | 19666
               +---------+---------+-------+---------+---------+-------+---------
           D:1 |       0 |      49 |   0.0 |       0 |      25 |   0.0 |   619
           D:2 |       0 |      60 |   0.0 |       0 |      15 |   0.0 |   664
           D:3 |       0 |      41 |   0.0 |       0 |      14 |   0.0 |   537
           D:4 |       0 |     168 |   0.0 |       0 |       9 |   0.0 |   606
           D:5 |       0 |     530 |   0.0 |       0 |      16 |   0.0 |  1035
           D:6 |       0 |     965 |   0.0 |       0 |      22 |   0.0 |   738
           D:7 |       0 |     488 |   0.0 |       0 |      11 |   0.0 |   511
           D:8 |       0 |    3074 |   0.0 |       0 |      43 |   0.0 |  1863
           D:9 |       0 |    2462 |   0.0 |       0 |      26 |   0.0 |  1976
          D:10 |       0 |    8647 |   0.0 |       0 |      43 |   0.0 |  2318
          D:11 |       0 |    5505 |   0.0 |       0 |      56 |   0.0 |  1615
          D:12 |       0 |    8920 |   0.0 |       0 |      29 |   0.0 |  2918
          D:13 |       0 |   18948 |   0.0 |       0 |      57 |   0.0 |  2212
        Bailey |       0 |    1221 |   0.0 |       0 |      30 |   0.0 |  1864
               +---------+---------+-------+---------+---------+-------+---------
